General information
- name: BNet
- type: Ladder team game (AT/RT)
- host: Battle.net
- saver: CrimeLord
map: Deathknell
- players: 8
- length: 60:29
- speed: Fast
- version: 1.26 W3XP
- replay type: Public
» download(299 KB)
Players
team 1 (loser)
tomha (
blue | 32 APM | 1913 actions | 60:28)
10 Goblin Tinker
3 Pocket Factory
3 Engineering Upgrade
3 Cluster Rockets
1 Robo-Goblin
» actions
| Assign group hotkey | 8 | |
| Build / train | 107 | |
| Enter build submenu | 43 | |
| Enter hero's abilities submenu | 10 | |
| Give item / drop item | 2 | |
| Right click | 1141 | |
| Select / deselect | 467 | |
| Select group hotkey | 17 | |
| Use ability | 116 | |
1913 total
» units
| Wisp | 32 | |
| Archer | 13 | |
| Hippogryph | 31 | |
| Goblin Shredder | 1 | |
| Chimaera | 3 | |
80 total
» upgrades
| Improved Bows | 1 | |
| Hippogryph Taming | 1 | |
| Well Spring | 1 | |
| Ultravision | 1 | |
| Strength of the Wild | 2 | |
| Strength of the Moon | 1 | |
| Moon Armor | 1 | |
| Reinforced Hides | 1 | |
| Corrosive Breath | 1 | |
| Marksmanship | 1 | |
11 total
» buildings
| Moon Well | 9 | |
| Ancient of War | 2 | |
| Hunter's Hall | 2 | |
| Altar of Elders | 1 | |
| Ancient of Wonders | 1 | |
| Ancient Protector | 11 | |
| Tree of Ages | 1 | |
| Tree of Life | 3 | |
| Ancient of Wind | 2 | |
| Tree of Eternity | 1 | |
| Chimaera Roost | 4 | |
| Necropolis | 1 | |
38 total
» build order
00:24 Moon Well
01:18 Ancient of War
01:28 Hunter's Hall
01:33 Ancient of War
01:55 Moon Well
02:11 Altar of Elders
02:25 Ancient of Wonders
02:54 Ancient Protector
03:29 Ancient Protector
03:52 Tree of Ages
05:15 Tree of Life
05:23 Ancient Protector
05:26 Ancient Protector
05:44 Moon Well
06:25 Ancient of Wind
06:30 Ancient of Wind
07:16 Ancient Protector
08:30 Moon Well
08:35 Moon Well
09:35 Moon Well
10:05 Tree of Eternity
10:29 Ancient Protector
11:12 Moon Well
11:17 Ancient Protector
13:03 Moon Well
13:07 Chimaera Roost
13:10 Chimaera Roost
13:14 Chimaera Roost
13:17 Chimaera Roost
14:23 Moon Well
15:45 Hunter's Hall
15:48 Ancient Protector
15:51 Ancient Protector
16:27 Ancient Protector
16:31 Ancient Protector
22:20 Tree of Life
23:53 Tree of Life
58:51 Necropolis
» items
| Lesser Clarity Potion | 2 | |
| Orb of Venom | 1 | |
3 total
Abominations (
purple | 91 APM | 5525 actions | 60:28)
10 Mountain King
3 Storm Bolt
3 Thunder Clap
1 Avatar
3 Bash
» actions
| Assign group hotkey | 166 | |
| Basic commands | 292 | |
| Build / train | 235 | |
| ESC pressed | 28 | |
| Enter build submenu | 66 | |
| Enter hero's abilities submenu | 11 | |
| Give item / drop item | 21 | |
| Right click | 2111 | |
| Select / deselect | 619 | |
| Select group hotkey | 1536 | |
| Use ability | 440 | |
5525 total
» units
| Peasant | 17 | |
| Footman | 6 | |
| Rifleman | 8 | |
| Goblin Shredder | 6 | |
| Goblin Zeppelin | 16 | |
| Goblin Sapper | 23 | |
| Dragonhawk Rider | 2 | |
| Gryphon Rider | 4 | |
| Gnoll Overseer | 1 | |
| Mud Golem | 1 | |
84 total
» upgrades
| Masonry | 3 | |
| Swords | 4 | |
| Gunpowder | 3 | |
| Armor | 3 | |
| Long Rifles | 1 | |
| Lumber Harvesting | 2 | |
| Storm Hammers | 1 | |
| Cloud | 1 | |
| Animal War Training | 1 | |
| Plating | 3 | |
| Flak Cannons | 1 | |
| Fragmentation Shards | 1 | |
| Barrage | 1 | |
| Flare | 1 | |
| Flying Machine Bombs | 2 | |
| Defend | 1 | |
29 total
» buildings
| Barracks | 3 | |
| Altar of Kings | 1 | |
| Farm | 12 | |
| Blacksmith | 1 | |
| Lumber Mill | 1 | |
| Town Hall | 2 | |
| Arcane Vault | 2 | |
| Keep | 3 | |
| Scout Tower | 28 | |
| Guard Tower | 37 | |
| Castle | 4 | |
| Gryphon Aviary | 9 | |
| Workshop | 4 | |
107 total
» build order
00:54 Barracks
00:56 Altar of Kings
00:59 Farm
01:21 Farm
01:30 Farm
01:54 Farm
02:28 Blacksmith
02:44 Lumber Mill
04:09 Town Hall
04:16 Arcane Vault
05:20 Keep
05:20 Keep
05:50 Scout Tower
05:51 Scout Tower
05:55 Scout Tower
05:56 Scout Tower
06:00 Scout Tower
06:20 Guard Tower
06:20 Guard Tower
06:20 Guard Tower
07:07 Farm
07:12 Guard Tower
07:12 Guard Tower
08:19 Scout Tower
08:24 Scout Tower
08:25 Scout Tower
08:32 Scout Tower
08:34 Scout Tower
09:04 Guard Tower
09:07 Castle
09:08 Castle
09:08 Castle
09:23 Barracks
09:36 Barracks
11:18 Gryphon Aviary
11:22 Gryphon Aviary
11:24 Gryphon Aviary
11:29 Gryphon Aviary
14:45 Scout Tower
14:45 Scout Tower
14:46 Scout Tower
14:50 Scout Tower
14:51 Scout Tower
14:56 Scout Tower
14:57 Scout Tower
14:58 Scout Tower
15:00 Scout Tower
15:01 Scout Tower
15:02 Scout Tower
15:19 Guard Tower
15:20 Guard Tower
15:20 Guard Tower
15:21 Guard Tower
15:21 Guard Tower
15:21 Guard Tower
15:24 Guard Tower
15:25 Guard Tower
15:25 Guard Tower
15:25 Guard Tower
15:26 Guard Tower
15:26 Guard Tower
15:26 Guard Tower
15:27 Guard Tower
15:27 Guard Tower
15:27 Guard Tower
16:28 Guard Tower
16:28 Guard Tower
18:08 Workshop
18:09 Workshop
18:11 Workshop
18:13 Workshop
22:42 Gryphon Aviary
22:43 Gryphon Aviary
22:44 Gryphon Aviary
22:45 Gryphon Aviary
22:50 Gryphon Aviary
23:15 Farm
23:16 Farm
23:17 Farm
23:18 Farm
23:19 Farm
23:20 Farm
23:21 Farm
30:37 Town Hall
35:07 Arcane Vault
37:15 Scout Tower
37:15 Scout Tower
37:16 Scout Tower
37:17 Scout Tower
37:18 Scout Tower
37:18 Scout Tower
37:22 Scout Tower
41:39 Guard Tower
41:39 Guard Tower
41:39 Guard Tower
» items
| Scroll of Regeneration | 10 | |
| Lesser Clarity Potion | 4 | |
| Mechanical Critter | 2 | |
| Scroll of Town Portal | 4 | |
| Staff of Sanctuary | 1 | |
| Orb of Corruption | 2 | |
23 total

»
Qc_IncOmInG_BaD (
yellow | 28 APM | 862 actions | 30:47)
4 Priestess of the Moon
1 Searing Arrows
2 Trueshot Aura
1 Scout
4 Keeper of the Grove
2 Thorns Aura
2 Entangling Roots
» actions
| Build / train | 93 | |
| Enter build submenu | 26 | |
| Enter hero's abilities submenu | 8 | |
| Remove unit from queue | 1 | |
| Right click | 426 | |
| Select / deselect | 266 | |
| Use ability | 42 | |
862 total
» units
| Wisp | 42 | |
| Chimaera | 9 | |
| Druid of the Claw | 2 | |
| Hippogryph | 12 | |
| Dryad | 4 | |
69 total
» upgrades
| Strength of the Wild | 3 | |
| Reinforced Hides | 2 | |
| Nature's Blessing | 1 | |
| Druid of the Claw Training | 2 | |
| Corrosive Breath | 1 | |
| Mark of the Claw | 1 | |
| Abolish Magic | 1 | |
11 total
» buildings
| Moon Well | 7 | |
| Altar of Elders | 1 | |
| Tree of Ages | 1 | |
| Hunter's Hall | 1 | |
| Tree of Eternity | 1 | |
| Ancient of Wind | 1 | |
| Ancient of Lore | 1 | |
| Chimaera Roost | 3 | |
| Tree of Life | 5 | |
| Ancient Protector | 9 | |
30 total
» build order
00:15 Moon Well
01:17 Altar of Elders
02:32 Moon Well
02:45 Tree of Ages
03:16 Hunter's Hall
03:28 Moon Well
05:08 Tree of Eternity
05:52 Ancient of Wind
07:01 Ancient of Lore
07:08 Moon Well
07:38 Chimaera Roost
07:39 Chimaera Roost
07:40 Chimaera Roost
08:10 Moon Well
08:44 Tree of Life
11:57 Ancient Protector
12:02 Ancient Protector
14:07 Ancient Protector
14:12 Ancient Protector
15:42 Tree of Life
15:54 Tree of Life
22:07 Tree of Life
22:12 Ancient Protector
22:16 Ancient Protector
23:59 Moon Well
25:10 Moon Well
25:44 Tree of Life
26:41 Ancient Protector
26:43 Ancient Protector
26:45 Ancient Protector

»
train_dis_human (
red | 54 APM | 1990 actions | 36:45)
4 Death Knight
2 Death Coil
2 Unholy Aura
3 Lich
2 Frost Nova
1 Frost Armor
» actions
| Basic commands | 31 | |
| Build / train | 82 | |
| Enter build submenu | 24 | |
| Enter hero's abilities submenu | 7 | |
| Give item / drop item | 3 | |
| Right click | 1298 | |
| Select / deselect | 451 | |
| Use ability | 94 | |
1990 total
» units
| Acolyte | 7 | |
| Ghoul | 4 | |
| Crypt Fiend | 16 | |
| Gargoyle | 3 | |
| Goblin Shredder | 1 | |
| Obsidian Statue | 9 | |
| Frost Wyrm | 6 | |
| Goblin Sapper | 2 | |
48 total
» upgrades
| Web | 1 | |
| Creature Attack | 2 | |
| Creature Carapace | 1 | |
| Freezing Breath | 1 | |
5 total
» buildings
| Ziggurat | 12 | |
| Crypt | 1 | |
| Altar of Darkness | 1 | |
| Graveyard | 1 | |
| Nerubian Tower | 2 | |
| Tomb of Relics | 1 | |
| Halls of the Dead | 1 | |
| Spirit Tower | 8 | |
| Slaughterhouse | 1 | |
| Sacrificial Pit | 2 | |
| Black Citadel | 1 | |
| Boneyard | 2 | |
33 total
» build order
00:22 Ziggurat
00:26 Crypt
00:41 Altar of Darkness
01:05 Graveyard
01:21 Ziggurat
02:00 Nerubian Tower
02:12 Tomb of Relics
03:50 Ziggurat
05:48 Halls of the Dead
05:57 Ziggurat
07:20 Spirit Tower
07:25 Ziggurat
07:28 Ziggurat
07:55 Ziggurat
08:36 Spirit Tower
08:38 Nerubian Tower
08:45 Slaughterhouse
08:49 Sacrificial Pit
08:50 Sacrificial Pit
09:14 Black Citadel
11:08 Ziggurat
11:15 Ziggurat
11:18 Spirit Tower
11:37 Ziggurat
11:42 Boneyard
11:49 Boneyard
12:40 Spirit Tower
13:25 Spirit Tower
13:37 Spirit Tower
20:39 Spirit Tower
21:17 Ziggurat
21:24 Ziggurat
22:44 Spirit Tower
» items
| Rod of Necromancy | 1 | |
| Scroll of Town Portal | 4 | |
| Orb of Corruption | 1 | |
| Potion of Healing | 2 | |
8 total
team 2 (winner)

»
ChUmMaN (
green | 48 APM | 1096 actions | 22:54)
6 Paladin
2 Divine Shield
3 Holy Light
1 Resurrection
1 Death Knight
1 Unholy Aura
» actions
| Assign group hotkey | 21 | |
| Build / train | 100 | |
| Enter build submenu | 22 | |
| Enter hero's abilities submenu | 7 | |
| Right click | 284 | |
| Select / deselect | 163 | |
| Select group hotkey | 453 | |
| Use ability | 46 | |
1096 total
» units
| Peasant | 9 | |
| Flying Machine | 57 | |
| Gargoyle | 18 | |
84 total
» upgrades
| Lumber Harvesting | 2 | |
| Flak Cannons | 1 | |
| Flying Machine Bombs | 1 | |
4 total
» buildings
| Altar of Kings | 1 | |
| Farm | 11 | |
| Scout Tower | 1 | |
| Arcane Tower | 1 | |
| Keep | 1 | |
| Lumber Mill | 1 | |
| Blacksmith | 1 | |
| Castle | 1 | |
| Workshop | 3 | |
| Crypt | 1 | |
22 total
» build order
00:10 Altar of Kings
00:12 Farm
01:35 Farm
01:39 Scout Tower
02:11 Arcane Tower
02:15 Farm
02:47 Keep
02:55 Farm
02:57 Lumber Mill
03:17 Blacksmith
03:35 Farm
04:25 Farm
05:08 Castle
05:13 Workshop
05:20 Workshop
05:25 Farm
06:07 Workshop
06:21 Farm
07:29 Farm
09:08 Farm
10:08 Farm
12:05 Crypt
» items
CrimeLord (
teal | 62 APM | 3765 actions | 60:29)
10 Archmage
3 Summon Water Elemental
3 Brilliance Aura
1 Mass Teleport
3 Blizzard
» actions
| Assign group hotkey | 44 | |
| Basic commands | 181 | |
| Build / train | 115 | |
| Enter build submenu | 56 | |
| Enter hero's abilities submenu | 10 | |
| Give item / drop item | 3 | |
| Remove unit from queue | 1 | |
| Right click | 1259 | |
| Select / deselect | 455 | |
| Select group hotkey | 1402 | |
| Use ability | 239 | |
3765 total
» units
| Peasant | 12 | |
| Footman | 4 | |
| Goblin Shredder | 1 | |
| Gryphon Rider | 13 | |
| Goblin Sapper | 12 | |
| Dragonhawk Rider | 3 | |
45 total
» upgrades
| Masonry | 3 | |
| Animal War Training | 1 | |
| Swords | 3 | |
| Armor | 3 | |
| Storm Hammers | 1 | |
| Cloud | 1 | |
12 total
» buildings
| Altar of Kings | 1 | |
| Barracks | 1 | |
| Farm | 13 | |
| Keep | 1 | |
| Arcane Vault | 1 | |
| Town Hall | 4 | |
| Lumber Mill | 1 | |
| Scout Tower | 35 | |
| Castle | 3 | |
| Gryphon Aviary | 4 | |
| Blacksmith | 2 | |
| Guard Tower | 10 | |
76 total
» build order
00:40 Altar of Kings
00:41 Barracks
00:54 Farm
00:56 Farm
01:14 Farm
02:05 Farm
03:44 Keep
03:51 Arcane Vault
04:08 Town Hall
04:40 Lumber Mill
05:16 Scout Tower
05:18 Scout Tower
05:20 Scout Tower
05:22 Scout Tower
06:34 Castle
06:34 Castle
06:59 Scout Tower
07:00 Scout Tower
07:03 Scout Tower
07:04 Scout Tower
07:07 Scout Tower
07:10 Farm
07:10 Farm
07:38 Gryphon Aviary
07:40 Gryphon Aviary
07:58 Gryphon Aviary
08:06 Gryphon Aviary
08:13 Blacksmith
08:53 Blacksmith
09:05 Guard Tower
09:48 Guard Tower
10:54 Guard Tower
12:27 Guard Tower
19:52 Town Hall
19:55 Scout Tower
19:55 Scout Tower
19:55 Scout Tower
19:56 Scout Tower
19:58 Scout Tower
19:59 Scout Tower
20:00 Scout Tower
20:00 Scout Tower
20:01 Scout Tower
20:32 Guard Tower
21:53 Guard Tower
24:07 Scout Tower
24:07 Scout Tower
24:07 Scout Tower
24:07 Scout Tower
24:08 Scout Tower
24:15 Scout Tower
24:27 Farm
24:27 Farm
25:00 Guard Tower
25:31 Town Hall
25:38 Scout Tower
25:38 Scout Tower
25:38 Scout Tower
25:44 Scout Tower
25:52 Scout Tower
25:52 Scout Tower
25:54 Scout Tower
25:56 Scout Tower
25:56 Scout Tower
25:57 Scout Tower
25:57 Scout Tower
26:45 Guard Tower
27:52 Guard Tower
29:20 Guard Tower
31:11 Town Hall
50:06 Farm
50:07 Farm
50:07 Farm
50:07 Farm
50:08 Farm
» items
| Scroll of Regeneration | 11 | |
| Mechanical Critter | 8 | |
| Potion of Healing | 5 | |
| Staff of Sanctuary | 1 | |
| Scroll of Town Portal | 5 | |
| Orb of Corruption | 1 | |
| Scroll of Healing | 1 | |
32 total
IfUhackIWillbsU (
pink | 50 APM | 543 actions | 10:53)
4 Death Knight
1 Death Coil
3 Death Pact
» actions
| Basic commands | 2 | |
| Build / train | 39 | |
| Enter build submenu | 14 | |
| Enter hero's abilities submenu | 3 | |
| Give item / drop item | 1 | |
| Right click | 373 | |
| Select / deselect | 88 | |
| Use ability | 23 | |
543 total
» units
| Acolyte | 7 | |
| Ghoul | 13 | |
| Goblin Shredder | 2 | |
22 total
» upgrades
» buildings
| Crypt | 2 | |
| Tomb of Relics | 2 | |
| Altar of Darkness | 1 | |
| Ziggurat | 5 | |
| Graveyard | 1 | |
| Necropolis | 1 | |
| Halls of the Dead | 2 | |
| Nerubian Tower | 2 | |
| Spirit Tower | 3 | |
| Black Citadel | 2 | |
21 total
» build order
00:51 Crypt
01:00 Tomb of Relics
01:04 Altar of Darkness
01:26 Crypt
01:37 Ziggurat
02:51 Ziggurat
03:38 Graveyard
03:44 Tomb of Relics
05:29 Necropolis
05:50 Halls of the Dead
05:52 Halls of the Dead
06:20 Nerubian Tower
06:24 Nerubian Tower
06:32 Ziggurat
06:49 Ziggurat
06:58 Ziggurat
07:56 Spirit Tower
07:58 Spirit Tower
08:01 Spirit Tower
08:47 Black Citadel
08:47 Black Citadel
» items
| Potion of Healing | 1 | |
| Rod of Necromancy | 1 | |
2 total

»
Salight (
orange | 32 APM | 1787 actions | 55:31)
5 Keeper of the Grove
2 Force of Nature
2 Entangling Roots
1 Thorns Aura
5 Priestess of the Moon
3 Trueshot Aura
2 Searing Arrows
1 Death Knight
1 Unholy Aura
» actions
| Assign group hotkey | 54 | |
| Basic commands | 384 | |
| Build / train | 117 | |
| Enter build submenu | 46 | |
| Enter hero's abilities submenu | 12 | |
| Remove unit from queue | 1 | |
| Right click | 210 | |
| Select / deselect | 480 | |
| Select group hotkey | 375 | |
| Use ability | 108 | |
1787 total
» units
| Wisp | 32 | |
| Archer | 1 | |
| Huntress | 4 | |
| Dryad | 16 | |
| Druid of the Talon | 11 | |
| Hippogryph | 4 | |
| Crypt Fiend | 6 | |
| Druid of the Claw | 2 | |
| Glaive Thrower | 1 | |
77 total
» upgrades
| Sentinel | 1 | |
| Ultravision | 1 | |
| Strength of the Wild | 3 | |
| Abolish Magic | 1 | |
| Druid of the Talon Training | 2 | |
| Reinforced Hides | 3 | |
| Well Spring | 1 | |
| Mark of the Talon | 1 | |
| Creature Attack | 1 | |
| Web | 1 | |
| Druid of the Claw Training | 2 | |
| Mark of the Claw | 1 | |
18 total
» buildings
| Moon Well | 11 | |
| Altar of Elders | 1 | |
| Ancient of War | 1 | |
| Hunter's Hall | 1 | |
| Tree of Ages | 1 | |
| Ancient Protector | 10 | |
| Ancient of Wonders | 2 | |
| Tree of Eternity | 1 | |
| Ancient of Lore | 2 | |
| Ancient of Wind | 1 | |
| Tree of Life | 6 | |
| Ziggurat | 4 | |
| Necropolis | 2 | |
| Halls of the Dead | 1 | |
| Scout Tower | 2 | |
| Arcane Tower | 2 | |
48 total
» build order
00:11 Moon Well
00:37 Altar of Elders
01:09 Ancient of War
01:26 Moon Well
02:13 Hunter's Hall
03:20 Tree of Ages
03:25 Ancient Protector
03:53 Ancient of Wonders
07:54 Tree of Eternity
08:01 Moon Well
08:24 Moon Well
08:35 Moon Well
08:47 Ancient of Lore
08:55 Ancient of Wind
12:20 Tree of Life
14:57 Tree of Life
15:11 Moon Well
15:28 Ancient Protector
15:31 Ancient Protector
15:35 Ancient Protector
16:43 Ancient Protector
19:48 Ancient of Lore
20:01 Moon Well
22:26 Ancient Protector
23:58 Ancient Protector
25:07 Ziggurat
25:09 Ziggurat
25:13 Necropolis
25:51 Moon Well
26:52 Moon Well
28:37 Moon Well
29:02 Ziggurat
29:07 Ziggurat
30:45 Necropolis
32:41 Tree of Life
32:54 Halls of the Dead
33:39 Ancient Protector
36:12 Tree of Life
39:19 Ancient Protector
39:24 Ancient of Wonders
41:40 Tree of Life
43:56 Ancient Protector
44:19 Scout Tower
45:44 Arcane Tower
46:27 Scout Tower
48:15 Tree of Life
49:29 Arcane Tower
51:41 Moon Well
» items
| Scroll of Town Portal | 2 | |
| Orb of Corruption | 1 | |
3 total
Chat log
(00:11 / Allies) IfUhackIWillbsU: 100 gold pl,ease
(00:14 / All) Abominations: The devil started dancin', he was entrancin', then the did the jangle his own way
(00:22 / All) Abominations: His bones were rattlin' loudly, as he began to shuffle proudly
(00:27 / All) Abominations: That's the way that Satan takes a holiday
(00:43 / Allies) IfUhackIWillbsU: 100 gold please
(00:48 / Allies) CrimeLord: I need it
(01:11 / Allies) CrimeLord: I'm saving to be pokemaster and I gotta buy pokeballs
(01:14 / Allies) IfUhackIWillbsU: well lokks like im forced to bs
(01:19 / Allies) IfUhackIWillbsU: and revael all
(01:39 / All) Abominations: Shut the fuck up pink
(01:45 / All) Abominations: Stop being a fucking crybaby
(01:47 / All) Abominations: no one gave you 100 gold
(01:48 / Allies) IfUhackIWillbsU: fu hacking cunt
(01:49 / All) Abominations: BOO HOO!
(02:08 / All) IfUhackIWillbsU: fu hacking cunt
(02:10 / All) Abominations: don't fucking tk and leave
(06:48 / Allies) ChUmMaN: il reveal them
(07:01 / Allies) ChUmMaN: cjims
(07:20 / Allies) ChUmMaN: drayds
(07:22 / Allies) ChUmMaN: frosts
(07:24 / Allies) ChUmMaN: and idk
(08:10 / Allies) ChUmMaN: oj what u getting
(08:24 / Allies) ChUmMaN: orange
(09:00 / Allies) ChUmMaN: what u getting pink
(09:09 / Allies) CrimeLord: Lumbers?
(10:41 / Allies) ChUmMaN: orange can i have gold
(10:51 / Allies) Salight: none to spare soory
(10:56 / All) Abominations: lol
(11:00 / All) Abominations: what a pussy
(11:00 / All) CrimeLord: wow
(12:05 / All) CrimeLord: red mh?
(12:16 / All) train_dis_human: just happen to be there lol
(12:26 / Allies) ChUmMaN: teal lets attack
(12:36 / Allies) CrimeLord: k
(12:38 / Allies) Salight: no tp?
(15:02 / Allies) CrimeLord: out
(15:31 / Allies) ChUmMaN: oj get chims?
(15:38 / Allies) Salight: no gold
(15:49 / Allies) Salight: tp
(21:14 / All) CrimeLord: red totally mhs lawl
(21:26 / All) CrimeLord: he always knows where the mechanical critters are going
(21:35 / All) train_dis_human: b/c i see them...
(21:41 / All) CrimeLord: because you watch me spawn them
(21:52 / All) train_dis_human: haha ok
(22:32 / Allies) ChUmMaN: gold teal?
(22:46 / All) ChUmMaN: 7500 gold
(24:57 / Allies) Salight: gg
(26:34 / Allies) CrimeLord: just go to your base and sit tight
(28:07 / All) Abominations: he had 2 pendants of energy on a potm
(28:09 / All) Abominations: real team player
(28:51 / All) Qc_IncOmInG_BaD: lol purp suck
(30:42 / All) Qc_IncOmInG_BaD: noob team tk
(30:51 / All) Abominations: says the noob with 2 pendants on a potm
(30:56 / All) CrimeLord: Incoming bad frenchie
(31:01 / All) Abominations: fortuantely he left so I can retrieve them
(32:12 / All) Abominations: red unsummoning everything lol
(34:05 / All) Abominations: fucking jackass trying to use my potm
(34:33 / All) CrimeLord: aw shit bleu got the evasion
(35:20 / All) Abominations: almost lost my mk there
(35:37 / All) CrimeLord: tping
(36:04 / All) Abominations: I have 720 mana on my MK
(36:10 / All) Abominations: Too bad I couldn't sooner because of the noob elf hoarding pendants
(36:48 / All) Abominations: Red trying to kill me with his heroes then left
(36:53 / All) Abominations: a real pro
(38:15 / All) Abominations: lucky bash
(38:52 / All) Abominations: could chase this bitch all day without a tp staff
(40:31 / Allies) Salight: gg
(40:50 / All) CrimeLord: lawl
(41:01 / All) CrimeLord: too bad he picekd up the evasion
(41:22 / All) CrimeLord: if we don't catch him in about 2 minutes let's just give him loss
(41:26 / All) Abominations: yeah
(41:39 / All) CrimeLord: Let's just give him loss actually
(41:52 / All) Abominations: k
(41:53 / All) CrimeLord: we're not going to catch it without staff or mass tp
(42:08 / All) Abominations: he's been silent this whole time
(42:22 / All) CrimeLord: He'd probably leave if we kileld the hero anyawy
(43:50 / All) CrimeLord: might have got it if not for the evasion earlier
(44:55 / All) Abominations: Blue hasn't spoke at all
(44:56 / Allies) CrimeLord: run to me
(44:57 / All) Abominations: clueless noob elves
(46:31 / Allies) CrimeLord: get him
(47:02 / All) CrimeLord: he trped
(47:05 / All) Abominations: wtf
(47:06 / All) Abominations: oh
(47:08 / All) CrimeLord: get him?
(47:08 / All) Abominations: hidden tree
(47:16 / All) Abominations: it's not near me but I'll get the tree
(48:05 / Allies) CrimeLord: Orange kill blue's hero or you lsoe the game
(48:21 / All) CrimeLord: orange doesn't deserve to win either
(48:27 / All) CrimeLord: I told his fag ass to chase the fucking hero
(48:36 / All) CrimeLord: dumb son of a bitch
(49:21 / All) CrimeLord: why doesn't dryad slow work on the robotic form
(49:27 / All) CrimeLord: that's not magic
(49:29 / All) Abominations: it's mechanical
(49:36 / All) Abominations: can't poison machines
(49:40 / All) CrimeLord: True
(49:48 / All) Abominations: plus dryads are Bs enough
(49:54 / All) CrimeLord: Why is it impervious anyway
(49:57 / All) CrimeLord: it's exposed
(50:48 / All) CrimeLord: It heals so fast too
(50:58 / All) CrimeLord: WE could have got it if orange wasn't retarded
(51:09 / All) CrimeLord: That's whyI'm saying he don't deserve win either
(53:22 / Allies) Salight: what is your prob?
(53:30 / Allies) CrimeLord: leave you faggot
(53:41 / Allies) Salight: you first
(53:55 / Allies) Salight: you could share the gold...
(53:59 / Allies) CrimeLord: Fuck off retard
(54:13 / Allies) CrimeLord: gtfo
(54:50 / Allies) Salight: i don't like you
(55:03 / Allies) CrimeLord: The feeling is mutal
(55:13 / Allies) CrimeLord: I told you to chase his fucking hero you goofball
(55:34 / All) CrimeLord: Ah
(55:56 / All) Abominations: damn nice
(55:57 / All) CrimeLord: lol
(56:01 / All) Abominations: he must've not been looking
(56:02 / All) Abominations: FINALLY
(56:10 / All) CrimeLord: Orange was a spectre hanging over us, clouding our game
(56:20 / All) Abominations: Now blue can finally lose
(56:22 / All) Abominations: Any words for us blue?
(56:25 / All) Abominations: He has spoke not a whisper
(56:27 / All) Abominations: Not a sound
(56:45 / All) Abominations: Blue do you speak English? OR any other language? We have tools today such as Google Translate
(56:49 / All) Abominations: He says in allied chat "fuck off"
(56:52 / All) Abominations: Any more words for us?
(56:52 / All) CrimeLord: lol
(56:57 / All) Abominations: You've been mighty silent all this time
(57:00 / All) Abominations: No you do not win
(57:06 / All) Abominations: I am killing my own buildings buddy!
(57:19 / All) Abominations: Talk in all chat please
(57:29 / All) Abominations: Yeah I am good
(57:31 / All) Abominations: Better than you buddy
(57:38 / All) Abominations: Any more words for us? Why were you silent all game?
(57:43 / All) Abominations: Why just talking NOW buddy?!?!??!?!?!?!???????
(58:17 / All) Abominations: what the fuck man? I can not win? The point is to make you lose
(58:24 / All) Abominations: Why would I want to win??????????
(58:33 / All) Abominations: Tell me that buddy why would I want to win?
(58:42 / All) Abominations: I'm 0-0 motherfuck do you think I care about losing?
(58:58 / All) Abominations: You will be 1902-1992 another loss on your subpar record how's it feel?
(59:29 / All) Abominations: How's it feel blue?
(59:35 / All) Abominations: Any more words for us before I end it?
(59:53 / All) Abominations: Well I suppose that'll do, doubt I'm getting much more out of your dumbass
(59:57 / All) Abominations: Just mutes and tards this game
(60:13 / All) CrimeLord: Someone corrected me when I said I train UFC
(60:14 / All) CrimeLord: LOL!
(60:20 / All) Abominations: oh wtf
(60:24 / All) CrimeLord: They don't get the joke
(60:24 / All) Abominations: where's the other building